 Dungeon Crawl Stone Soup version 0.23.2-1-ga50397a6bc (webtiles) character file.

Game seed: 16696536015946936016

403 4FPSwarrior the Ruffian (level 6, 0/59 HPs)
             Began as a Troll Monk on May 5, 2019.
             Slain by Grinder (3 damage)
             ... on level 4 of the Dungeon.
             The game lasted 00:09:55 (2601 turns).

4FPSwarrior the Ruffian (Troll Monk)                Turns: 2601, Time: 00:09:55

Health: 0/59       AC:  6    Str: 27    XL:     6   Next: 55%
Magic:  5/5        EV: 15    Int: 10    God:
Gold:   81         SH:  0    Dex: 17    Spells: 5/5 levels left

rFire    . . .     SeeInvis .     - Unarmed
rCold    . . .     Gourm    +   (no shield)
rNeg     . . .     Faith    .   a - +0 robe
rPois    .         Spirit   .   d - +0 hat
rElec    .         Reflect  .   x - scarf {repulsion}
rCorr    .         Harm     .   (gloves unavailable)
MR       .....                  (boots unavailable)
Stlth    ++........             (no amulet)
HPRegen  0.59/turn              (no ring)
MPRegen  0.09/turn              p - +4 ring of intelligence

@: confused, mighty, agile, heavily drained, repel missiles
A: large, unfitting armour, claws 3, fast metabolism 3, gourmand, regeneration
1, shaggy fur 1, tough skin 3
a: no special abilities


You were on level 4 of the Dungeon.
You were completely stuffed.

You visited 1 branch of the dungeon, and saw 4 of its levels.

You collected 81 gold pieces.

Inventory:

Armour
 a - a +0 robe (worn)
 c - a +1 cloak
 d - a +0 hat (worn)
 x - a scarf of repulsion (worn)
Jewellery
 g - an uncursed ring of ice
 p - a +4 ring of intelligence (right claw)
 s - an uncursed amulet of the acrobat {unknown}
Wands
 y - a wand of digging (5)
Scrolls
 f - a scroll of immolation {unknown}
 h - a scroll of remove curse
 i - 4 scrolls of blinking
 k - 2 scrolls of teleportation
 l - a scroll of enchant weapon {unknown}
 n - a scroll of random uselessness {unknown}
 q - a scroll of enchant armour {unknown}
Potions
 e - 2 potions of ambrosia
 j - 2 potions of heal wounds {unknown}
 m - 2 potions of curing {unknown}
 o - 2 potions of might
 t - a potion of magic {unknown}
 u - a potion of mutation {unknown}
 w - a potion of degeneration {unknown}
 z - a potion of brilliance {unknown}
Comestibles
 b - 10 rations
 r - 3 chunks of flesh


   Skills:
 - Level 2.4(1.0) Fighting
 + Level 3.4(2.0) Dodging
 - Level 1.0(0.0) Stealth
 + Level 6.8(5.3) Unarmed Combat


You had 5 spell levels left.
You didn't know any spells.
Your spell library was empty.

Dungeon Overview and Level Annotations

Branches:
Dungeon (4/15)
 Temple: D:4-7

Altars:
Dithmenos
Nemelex Xobeh
Yredelemnul

Annotations:
D:4 Grinder


Innate Abilities, Weirdness & Mutations

You are too large for most types of armour.
You have claws for hands.
Your metabolism is lightning-fast.
You like to eat raw meat.
Your natural rate of healing is unusually fast.
You are covered in fur. (AC +1)
You have extremely tough skin. (AC +3)


Message History

Grinder gestures at you. You resist with significant effort.
You closely miss Grinder.
Grinder is lightly wounded.
Something hits you but does no damage.
Grinder says, "Mostly I couldn't keep them alive."
Grinder misses you.
You closely miss Grinder.
Grinder is lightly wounded.
You hear some strange, mumbled words.
A puff of flame appears from out of thin air!
The puff of flame misses you. Something hits you but does no damage.
Grinder hits you.
* * * LOW HITPOINT WARNING * * *
You writhe in agony.
* * * LOW HITPOINT WARNING * * *
Evoke which item? (* to show all) (? for menu, Esc to quit)
Okay, then.
Something hits you but does no damage. Grinder hits you.
You die...

## # ## .# ##+# ##..
###. ...##
.....####.... .....
............ . ...###
#..#..... .###...
.....#
.......##.......
##.#.######....5@.#
.#.#......#...).o.#
.#.#......#..)....#
.#'#......#.......#
....................#
........###.....##.(#
........# #......'..#
........#
#......#....
........#
#......#.###


You could see Grinder and an orc.

Vanquished Creatures
  Edmund (D:4)
  An orc wizard (D:4)
  Terence (D:2)
  Robin (D:2)
  9 adders
  2 gnolls (D:2)
  An ooze (D:3)
  A worm (D:2)
  2 dart slugs
  A leopard gecko (D:3)
  10 orcs
  4 giant cockroaches
  17 goblins
  11 hobgoblins
  2 jackals (D:3)
  A quokka (D:4)
  A ball python skeleton (D:4)
  10 bats
  6 frilled lizards
  2 jackal skeletons
  10 kobolds
  7 rats
101 creatures vanquished.

Notes
Turn   | Place    | Note
-------+----------+-------------------------------------------
     0 | D:1      | 4FPSwarrior the Troll Monk began the quest for the Orb.
     0 | D:1      | Reached XP level 1. HP: 22/22 MP: 0/0
   108 | D:1      | Reached XP level 2. HP: 23/29 MP: 1/1
   235 | D:1      | Reached skill level 4 in Unarmed Combat
   598 | D:2      | Reached XP level 3. HP: 34/36 MP: 2/2
   603 | D:2      | Noticed Robin
   763 | D:2      | Reached skill level 5 in Unarmed Combat
   763 | D:2      | Reached XP level 4. HP: 31/44 MP: 3/3
  1111 | D:2      | Killed Robin
  1175 | D:2      | Reached XP level 5. HP: 50/50 MP: 4/4
  1177 | D:2      | Found a sparkling altar of Nemelex Xobeh.
  1197 | D:2      | Noticed Terence
  1212 | D:2      | Killed Terence
  1212 | D:2      | Reached skill level 6 in Unarmed Combat
  1444 | D:3      | Found a shadowy altar of Dithmenos.
  1454 | D:3      | Found a basalt altar of Yredelemnul.
  2440 | D:4      | Noticed Edmund
  2458 | D:4      | Killed Edmund
  2458 | D:4      | Reached XP level 6. HP: 26/59 MP: 5/5
  2576 | D:4      | Noticed Grinder
  2579 | D:4      | Identified the cursed +0 robe of Ashenzari's Envy {Str+2
                  | Dex+3}
  2583 | D:4      | Paralysed by Grinder for 5 turns
  2600 | D:4      | HP: 2/59 [Grinder (4)]
  2601 | D:4      | Slain by Grinder

Skill      XL: |  1  2  3  4  5 |
---------------+----------------+-----
Unarmed Combat | 4 5 6 |  6.8
Dodging        | 3 |  3.4
Fighting       | |  2.4
Stealth        | |  1.0

Action                   |  1- 3 |  4- 6 || total
-------------------------+-------+-------++-------
Melee: Unarmed           |    80 |   156 ||   236
       Punch             |       |     5 ||     5
  Use: Scroll            |       |     6 ||     6
       Potion            |       |     2 ||     2
 Stab: Sleeping          |     3 |     3 ||     6
  Eat: Chunk             |    12 |    17 ||    29
Armor: Robe              |    26 |    67 ||    93
Dodge: Dodged            |    38 |   101 ||   139
